 Dungeon Crawl Stone Soup version 0.17-a0-1262-gd250d98 (webtiles) character file.

5999 LightningNZ the Fighter (level 10, -16/66 HPs)
             Began as a Gargoyle Fighter on June 6, 2015.
             Was a Follower of the Shining One.
             Killed from afar by tijit's ghost (25 damage)
             ... with an orb of energy
             ... on level 9 of the Dungeon.
             The game lasted 00:42:09 (7180 turns).

LightningNZ the Fighter (Gargoyle Fighter)          Turns: 7180, Time: 00:42:09

Health: -16/66     AC: 28    Str: 21    XL:     10   Next: 85%
Magic:  13/13      EV: 11    Int: 13    God:    the Shining One [*.....]
Gold:   356        SH: 11    Dex: 16    Spells: 0 memorised, 9 levels left

rFire  . . .     SeeInvis +     h - +0 broad axe (protect)
rCold  . . .     Clarity  +     x - +0 plate armour
rNeg   + . .     SustAt   .     c - +0 shield
rPois  ∞         Gourm    .     (no helmet)
rElec  +         Spirit   .     r - +0 cloak {rPois}
rCorr  .         Warding  .     v - +0 pair of gloves "Lituq" {Int+4 Slay+2 SInv} (curse)
rMut   .         Stasis   .     u - +0 pair of boots
MR     .....                    n - amulet of clarity
Stlth  ..........               o - +1 ring of slaying
                                (no ring)

@: agile, glowing, not resistant to hostile enchantments, extremely unstealthy
A: negative energy resistance 1, electricity resistance, unbreathing,
petrification resistance, rot immunity, AC +7
a: Renounce Religion


You were on level 9 of the Dungeon.
You worshipped the Shining One.
The Shining One was aware of your devotion.
You were not hungry.

You visited 2 branches of the dungeon, and saw 10 of its levels.

You collected 356 gold pieces.

Inventory:

Hand weapons
 h - a +0 broad axe of protection (weapon)
 l - a +0 scimitar of flaming
Missiles
 i - 3 tomahawks
 w - 5 tomahawks of returning (quivered)
 C - 6 javelins
Armour
 a - the +0 pair of gloves "Xehahed" {rN+++ Dex+3}
   (You acquired it on level 8 of the Dungeon)

   It affects your dexterity (+3).
   It renders you almost immune to negative energy.
 c - a +0 shield (worn)
 r - a +0 cloak of poison resistance (worn)
 u - a +0 pair of boots (worn)
 v - the cursed +0 pair of gloves "Lituq" (worn) {Int+4 Slay+2 SInv}
   (You found it on level 9 of the Dungeon)

   It affects your intelligence (+4).
   It affects your accuracy and damage with ranged weapons and melee attacks
   (+2).
   It lets you see invisible.
   It has a curse placed upon it.
 x - a +0 plate armour (worn)
Jewellery
 g - an uncursed amulet of stasis
 n - an amulet of clarity (around neck)
 o - a +1 ring of slaying (right hand)
Magical devices
 f - a wand of fireball (7)
 B - a wand of paralysis (0)
 D - a wand of cold (3)
 G - a wand of fire (2)
Scrolls
 k - a scroll of fog
 q - 2 scrolls of blinking
 s - 2 scrolls of teleportation
 t - a scroll of identify
 y - 4 scrolls of immolation
 F - a scroll of enchant armour {unknown}
Potions
 j - a potion of cure mutation
 m - a potion of cancellation
 p - a potion of ambrosia
 E - a potion of resistance
Comestibles
 b - a beef jerky
 e - 6 bread rations
 z - 4 meat rations
 A - 15 chunks of flesh


   Skills:
 * Level 9.3 Fighting
 + Level 6.1 Axes
 + Level 4.6 Throwing
 + Level 6.6 Armour
 + Level 3.2 Dodging
 + Level 8.0 Shields
 * Level 4.1 Invocations
 * Level 4.2 Evocations


You had 9 spell levels left.
You didn't know any spells.

Dungeon Overview and Level Annotations

Branches:
Dungeon (9/15)             Temple (1/1) D:7
   Lair: D:8-11         Orc: D:9-12

Altars:
Cheibriados
Dithmenos
Elyvilon
Fedhas
Gozag
Kikubaaqudgha
Makhleb
Nemelex Xobeh
Qazlal
Ru
Sif Muna
Trog
Vehumet
Yredelemnul
The Shining One

Annotations:
D:9 tijit's ghost, experienced HECj


Innate Abilities, Weirdness & Mutations

You are resistant to torment.
Your stone body is resilient (AC +7).
You are immune to poison.
You resist negative energy.
You are resistant to electric shocks.
You can survive without breathing.
You are immune to petrification.
You are immune to rotting.


Message History

You slash tijit's ghost!
Tijit's ghost is severely damaged.
Tijit's ghost hits you but does no damage.
You hit tijit's ghost.
Tijit's ghost is severely damaged.
You block tijit's ghost's attack.
You slash tijit's ghost!
Tijit's ghost is almost destroyed.
Tijit's ghost hits you.
Tijit's ghost points at you and mumbles some strange words.
The orb of energy hits you!
* * * LOW HITPOINT WARNING * * *
The orb of energy explodes!
Drink which item? (? for menu, Esc to quit)
Okay, then.
You closely miss tijit's ghost.
Tijit's ghost is almost destroyed.
Tijit's ghost casts a spell at you. The orb of energy hits you!
You die...

#..).........+
#............#
##'########### #..####
##....### ####...#
########.###
#..........# ########'#
#..[.......# #.@!......
#..........####(W.......
#..........##.'.........
#..<..........#.........
#..........####.........
#..........# #.........
#..........# #.........
#..........# ########'#
#..........# .


You could see tijit's ghost.

Vanquished Creatures
  Erica (D:8)
  Maurice (D:9)
  2 trolls
  Grum (D:7)
  2 wolves (D:7)
  The ghost of edsrzf the Stinger, an average DrVM (D:3)
  A water moccasin (D:6)
  2 ice beasts (D:9)
  3 orc warriors
  A wasp (D:8)
  2 necrophages (D:7)
  4 ogres
  2 black bears (D:8)
  2 phantoms (D:8)
  9 centaurs
  Blork the orc (D:6)
  A gnoll sergeant (D:7)
  2 giant frogs
  3 scorpions
  6 killer bees (D:9)
  2 crimson imps (D:6)
  2 jellies
  3 orc priests
  A quasit (D:8)
  2 giant frog skeletons (D:5)
  An iguana (D:5)
  7 worker ants
  A centaur skeleton (D:4)
  2 hounds
  9 orc wizards
  Terence (D:2)
  A statue (D:7)
  A killer bee zombie (D:8)
  2 hound skeletons
  3 gnolls (D:7)
  6 adders
  A shadow imp (D:5)
  An ooze (D:2)
  An adder skeleton (D:8)
  5 worms
  8 giant geckos
  36 orcs
  3 ball pythons
  13 bats
  8 giant cockroaches
  15 hobgoblins
  13 jackals
  9 kobolds
  4 quokkas
  8 giant newts
  15 goblins
  A quokka skeleton (D:5)
  11 rats
243 creatures vanquished.

Notes
Turn   | Place    | Note
--------------------------------------------------------------
     0 | D:1      | LightningNZ the Gargoyle Fighter began the quest for the Orb.
     0 | D:1      | Reached XP level 1. HP: 14/14 MP: 1/1
   160 | D:1      | Reached XP level 2. HP: 19/19 MP: 2/2
   479 | D:1      | Reached skill level 4 in Fighting
   479 | D:1      | Reached XP level 3. HP: 24/24 MP: 3/3
   777 | D:2      | Noticed Terence
   793 | D:2      | Killed Terence
   793 | D:2      | Reached XP level 4. HP: 27/29 MP: 4/4
   848 | D:2      | Found a blossoming altar of Fedhas.
  1384 | D:3      | Noticed edsrzf's ghost (average DrVM)
  1396 | D:3      | Killed edsrzf's ghost
  1396 | D:3      | Reached skill level 5 in Fighting
  1396 | D:3      | Reached XP level 5. HP: 23/35 MP: 5/5
  1396 | D:3      | Reached XP level 6. HP: 26/40 MP: 6/6
  1711 | D:4      | Reached skill level 1 in Dodging
  1845 | D:4      | Noticed a troll
  1854 | D:4      | Killed a troll
  1854 | D:4      | Reached skill level 1 in Throwing
  1854 | D:4      | Reached skill level 5 in Shields
  1854 | D:4      | Reached XP level 7. HP: 34/45 MP: 7/7
  2033 | D:4      | Reached skill level 6 in Fighting
  2444 | D:5      | Entered Level 5 of the Dungeon
  2450 | D:5      | Reached skill level 5 in Armour
  2453 | D:5      | Reached XP level 8. HP: 33/52 MP: 8/8
  2645 | D:5      | Found an opulent altar of Gozag.
  2932 | D:5      | Reached skill level 7 in Fighting
  3288 | D:5      | Paralysed by a hobgoblin for 7 turns
  3298 | D:5      | Paralysed by a hobgoblin for 5 turns
  3306 | D:5      | Paralysed by a hobgoblin for 4 turns
  3312 | D:5      | Paralysed by a hobgoblin for 3 turns
  3595 | D:6      | Reached skill level 1 in Evocations
  3744 | D:6      | Reached XP level 9. HP: 23/57 MP: 9/9
  3988 | D:6      | Noticed Blork the orc
  3996 | D:6      | Killed Blork the orc
  4101 | D:6      | Reached skill level 5 in Axes
  4468 | D:7      | Found a staircase to the Ecumenical Temple.
  4475 | Temple   | Entered the Ecumenical Temple
  4527 | Temple   | Became a worshipper of the Shining One
  5162 | D:7      | Found a radiant altar of Vehumet.
  5373 | D:8      | Noticed Grum
  5398 | D:7      | Reached skill level 8 in Fighting
  5398 | D:7      | Reached skill level 1 in Invocations
  5412 | D:7      | Killed Grum
  5857 | D:8      | Reached XP level 10. HP: 65/65 MP: 12/12
  5921 | D:8      | Noticed Erica
  5956 | D:8      | Killed Erica
  6051 | D:8      | Reached skill level 9 in Fighting
  6560 | D:8      | Identified a scroll of acquirement
  6561 | D:8      | Got a pair of crude gloves
  6567 | D:8      | Identified the +0 pair of gloves "Xehahed" {rN+++ Dex+3} (You acquired it on level 8 of the Dungeon)
  6648 | D:9      | Noticed Maurice
  6661 | D:9      | Killed Maurice
  6953 | D:9      | Got a pair of slimy gloves
  6964 | D:9      | Identified the cursed +0 pair of gloves "Lituq" {Int+4 Slay+2 SInv} (You found it on level 9 of the Dungeon)
  7011 | D:9      | Acquired the Shining One's first power
  7167 | D:9      | Noticed tijit's ghost (experienced HECj)
  7180 | D:9      | Killed from afar by tijit's ghost

Vault maps used:
D:1:      dpeg_arrival_fog
D:2:      old_standard_altar, uniq_terence
D:3:      guppyfry_early_lair_pool
D:4:      amethyst_killhole
D:5:      overflow_temple_1_default, first_bread
D:6:      uniq_blork_the_orc
D:7:      vehumet_statue, minmay_temple_entry_purple_smoke
D:8:      uniq_erica, uniq_grum
D:9:      uniq_maurice
Temple:   nicolae_temple_elliptical

Action                   |  1- 3 |  4- 6 |  7- 9 | 10-12 || total
-------------------------+-------+-------+-------+-------++-------
Melee: War axe           |   128 |   175 |   421 |    63 ||   787
       Broad axe         |       |       |       |    73 ||    73
Throw: Tomahawk          |       |       |    36 |    35 ||    71
Evoke: Wand              |       |       |     3 |    12 ||    15
  Use: Scroll            |       |     5 |    10 |     7 ||    22
       Potion            |       |     2 |     4 |     6 ||    12
 Stab: Paralysed         |       |       |     6 |       ||     6
  Eat: Chunk             |       |     4 |     8 |     3 ||    15
       Fruit             |       |       |     7 |       ||     7
       Beef jerky        |       |       |     1 |       ||     1
